 Seeded DCSS version 0.28-a0-1567-g1695149f81 (webtiles) character file.

Game seed: 95 (custom seed)

319 knot the Chopper (level 6, 58/70 HPs)
             Began as a Demonspawn Berserker on Jan 20, 2022.
             Was a Believer of Trog.
             Quit the game on level 3 of the Dungeon.
             The game lasted 00:03:02 (2846 turns).

knot the Chopper (Demonspawn Berserker)             Turns: 2846, Time: 00:03:02

Health: 58/70      AC:  4    Str: 17    XL:     6   Next: 21%
Magic:  6/6        EV: 12    Int: 10    God:    Trog [**....]
Gold:   35         SH:  0    Dex: 13    Spells: 5/5 levels left

rFire   . . .      SeeInvis .   a - +0 hand axe
rCold   . . .      Faith    .   (no shield)
rNeg    . . .      Spirit   .   b - +0 animal skin
rPois   .          Reflect  .   (helmet restricted)
rElec   .          Harm     .   (no cloak)
rCorr   .          Rampage  .   (no gloves)
Will    ++...                   (no boots)
Stlth   ..........              (no amulet)
HPRegen 2.21/turn               (no ring)
MPRegen 0.10/turn               (no ring)

@: berserking, strong-willed (expiring), regenerating (expiring), very quick
A: antennae 1, slimy green scales 1, powered by death 1, powered by pain 1
a: Renounce Religion, Berserk, Trog's Hand


You were on level 3 of the Dungeon.
You worshipped Trog.
Trog was pleased with you.
You visited 1 branch of the dungeon, and saw 3 of its levels.

You collected 35 gold pieces.

Inventory:

Hand Weapons
 a - a +0 hand axe (weapon)
Missiles
 c - 37 stones (quivered)
 d - 39 sling bullets
 f - 8 poisoned darts
Armour
 b - a +0 animal skin (worn)
Scrolls
 g - 3 scrolls of identify
Potions
 e - a potion of attraction


   Skills:
 - Level 3.0 Fighting
 + Level 6.4 Axes
 - Level 1.7 Armour
 - Level 1.7 Dodging


You had 5 spell levels left.
You didn't know any spells.
Your spell library contained the following spells:

 Spells                   Type           Power      Damage    Failure   Level
 Call Canine Familiar     Summ           0%         N/A       75%         3
 Portal Projectile        Hex/Tloc       0%         N/A       75%         3
 Leda's Liquefaction      Hex/Erth       0%         N/A       98%         4


Dungeon Overview and Level Annotations

Branches:
Dungeon (3/15)

Altars:


Innate Abilities, Weirdness & Mutations

You have a pair of small antennae on your head.
You are partially covered in slimy green scales. (AC +2)
You regenerate a little health from kills.
You sometimes gain a little power by taking damage.


Message History

You feel yourself moving faster!
You feel mighty! The giant cockroach closely misses you. The rat bites you.
The river rat closely misses you.
You barely miss the giant cockroach.
The giant cockroach is heavily wounded.
You slash the river rat! You completely miss the rat.
The giant cockroach closely misses you. The rat bites you but does no damage.
The river rat completely misses you.
You closely miss the river rat.
The river rat is severely wounded.
You closely miss the giant cockroach. You barely miss the rat.
The giant cockroach bites you. The rat bites you but does no damage.
You slash the river rat!
You kill the river rat!
Trog accepts your kill.
You closely miss the giant cockroach. You hit the rat.
You kill the rat!
Trog accepts your kill. The giant cockroach closely misses you.
Sigmund hits you with a +0 scythe.
You see here a rat corpse.
You hit the giant cockroach.
The giant cockroach is almost dead.
You slash Sigmund! The giant cockroach closely misses you.
You slash the giant cockroach!
You feel the power of Trog in you as your rage grows.
You kill the giant cockroach!
Trog accepts your kill.
You slash Sigmund!
Sigmund points at you and mumbles some strange words.
The puff of flame hits you.
You slash Sigmund!
You kill Sigmund!
Trog accepts your kill.
Trog appreciates your killing of a magic user.
Your Axes skill increases to level 6!
You have reached level 6!
Your demonic ancestry asserts itself...
You feel energised by your suffering.
Are you sure you want to abandon this character and quit the game? (Confirm with "yes".)

####### #.≈≈≈.#
#.≈≈≈≈# #.≈≈≈≈#
..≈≈≈# # ...≈# #.
#).# #.##@#
#..††# ###.##
#..#
##############.##
...............#
####.###########
#.# #.#


There were no monsters in sight!

Vanquished Creatures
  Sigmund (D:3)
  Terence (D:2)
  Jessica (D:2)
  A river rat (D:3)
  3 adders
  3 worms (D:3)
  4 dart slugs
  5 orcs (D:3)
  A bat (D:1)
  5 endoplasms
  2 giant cockroaches
  4 goblins
  5 hobgoblins
  3 jackals (D:3)
  4 kobolds
  2 quokkas
  7 ball pythons
  6 frilled lizards
  10 rats
68 creatures vanquished.

Notes
Turn   | Place    | Note
-------+----------+-------------------------------------------
     0 | D:1      | knot the Demonspawn Berserker began the quest for the Orb.
     0 | D:1      | Reached XP level 1. HP: 18/18 MP: 1/1
    47 | D:1      | Reached skill level 3 in Axes
   212 | D:1      | Gained mutation: You are partially covered in slimy green
                  | scales. (AC +2) [demonic ancestry]
   212 | D:1      | Reached XP level 2. HP: 9/24 MP: 2/2
  1066 | D:2      | Noticed Jessica
  1075 | D:2      | Killed Jessica
  1076 | D:2      | Reached skill level 4 in Axes
  1076 | D:2      | Gained mutation: You regenerate a little health from kills.
                  | [demonic ancestry]
  1076 | D:2      | Reached XP level 3. HP: 29/29 MP: 3/3
  1337 | D:2      | Noticed Terence
  1348 | D:2      | Killed Terence
  1349 | D:2      | Gained mutation: You have a pair of small antennae on your
                  | head. [demonic ancestry]
  1349 | D:2      | Reached XP level 4. HP: 35/35 MP: 4/4
  1805 | D:2      | Found a faded altar of an unknown god.
  1825 | D:2      | Reached skill level 5 in Axes
  2049 | D:3      | Reached ** piety under Trog
  2241 | D:3      | Reached XP level 5. HP: 35/41 MP: 5/5
  2830 | D:3      | Noticed Sigmund
  2845 | D:3      | Killed Sigmund
  2846 | D:3      | Reached skill level 6 in Axes
  2846 | D:3      | Gained mutation: You sometimes gain a little power by
                  | taking damage. [demonic ancestry]
  2846 | D:3      | Reached XP level 6. HP: 47/47 MP: 6/6
  2846 | D:3      | Quit the game

Illustrated notes

Levels and vault maps discovered:
D:1:      ebering_trefoil_3fold, layout_basic
D:2:      layout_rooms, hellmonk_ecumenical_altar_crossroads, uniq_terence,
          uniq_jessica
D:3:      layout_loops_ring, portal_sewer_entry_b, nicolae_wormholes,
          uniq_sigmund

Skill      XL: |  1  2  3  4  5 |
---------------+----------------+-----
Axes           | 3 4 5 6 |  6.4
Fighting       | |  3.0
Armour         | |  1.7
Dodging        | |  1.7

Action                   |  1- 3 |  4- 6 || total
-------------------------+-------+-------++-------
Melee: Hand axe          |    72 |   112 ||   184
       Punch             |     1 |       ||     1
Invok: Berserk           |     3 |     5 ||     8
       Trog's Hand       |       |     1 ||     1
  Use: Scroll            |       |     3 ||     3
 Stab: Sleeping          |     2 |     2 ||     4
Armor: Animal skin       |    22 |    25 ||    47
Dodge: Dodged            |    39 |    55 ||    94

Table legend: (Time is in decaauts)
 A = Elapsed time spent in this place.
 B = Non-inter-level travel time spent in this place.
 C = Inter-level travel time spent in this place.
 D = Time resting spent in this place.
 E = Time spent auto-exploring this place.
 F = Levels seen in this place.
 G = Mean time per level.
                   A        B        C        D        E       F      G
               +--------+--------+--------+--------+--------+-----+--------+
         Total |   2918 |   2901 |     17 |   1072 |   1447 |   3 |  972.7 |
       Dungeon |   2918 |   2901 |     17 |   1072 |   1447 |   3 |  972.7 |
               +--------+--------+--------+--------+--------+-----+--------+

Top non-repeatable levels by time:
     D:1: 1073 daAuts
     D:2: 1011 daAuts
     D:3: 832 daAuts
